 Dungeon Crawl Stone Soup version 0.22-a0-322-g60b3cfd (webtiles) character file.

163 JeffiDaFish the Covered (level 5, 0/33 HPs)
             Began as a Gargoyle Fighter on Apr 4, 2018.
             Slain by an adder (2 damage)
             ... on level 3 of the Dungeon.
             The game lasted 00:04:41 (2465 turns).

JeffiDaFish the Covered (Gargoyle Fighter)          Turns: 2465, Time: 00:04:41

Health: 0/33       AC: 13    Str: 20 (21) XL:     5   Next: 44%
Magic:  5/5        EV:  5    Int:  7 (8)  God:
Gold:   195        SH:  9    Dex:  9      Spells: 4/4 levels left

rFire    + . .     SeeInvis .   a - +0 flail
rCold    . . .     Gourm    .   c - +0 shield
rNeg     + . .     Faith    .   e - +0 chain mail (curse)
rPois    ∞         Spirit   .   (helmet restricted)
rElec    +         Reflect  .   (no cloak)
rCorr    .         Harm     .   (no gloves)
MR       .....                  (no boots)
Stlth    ..........             (no amulet)
HPRegen  0.11/turn              (no ring)
MPRegen  0.09/turn              (no ring)

@: no status effects
A: antennae 1, fire resistance 1, negative energy resistance 1, electricity
resistance, unbreathing, petrification resistance, rot immunity, AC +4
a: no special abilities


You were on level 3 of the Dungeon.
You were hungry.

You visited 1 branch of the dungeon, and saw 3 of its levels.

You collected 195 gold pieces.

Inventory:

Hand Weapons
 a - a +0 flail (weapon)
Armour
 c - a +0 shield (worn)
 e - a cursed +0 chain mail (worn)
Scrolls
 g - 2 scrolls of remove curse
Potions
 d - a potion of might
Comestibles
 b - 5 chunks of flesh
 f - 5 rations


   Skills:
 + Level 4.0 Fighting
 + Level 2.8 Maces & Flails
 * Level 4.6 Armour
 * Level 4.6 Shields


You had 4 spell levels left.
You didn't know any spells.

Dungeon Overview and Level Annotations

Branches:
Dungeon (3/15)

Altars:
Yredelemnul


Innate Abilities, Weirdness & Mutations

You are resistant to torment.
Your stone body is resilient. (AC +4)
You are immune to poison.
You resist negative energy. (rN+)
You are resistant to electric shocks. (rElec)
You can survive without breathing.
You are immune to petrification.
You are immune to rotting.
You have a pair of small antennae on your head.
Your flesh is heat resistant. (rF+)


Message History

The adder bites you.
* * * LOW HITPOINT WARNING * * *
You closely miss the adder.
The adder is severely wounded.
The adder bites you.
* * * LOW HITPOINT WARNING * * *
The adder bites you but does no damage.
You closely miss the adder.
The adder is severely wounded.
The adder bites you but does no damage. The adder barely misses you.
You closely miss the adder.
The adder is severely wounded.
You block the adder's attack.
You miss the adder.
The adder is severely wounded.
The adder bites you but does no damage. You block the adder's attack.
You closely miss the adder.
The adder is severely wounded.
You block the adder's attack. The adder bites you.
You die...

#.#.#.#.#.#.#.#.#.#....#
##.#.#.#.#.#.#.#...#.#.##
##.#.#.#.#.#.#.#.#...#...#
..#.#.#.#.#.#.#.#.#.>.#..###
##.#.#.#.#.#.#.#.#.....#...###
..#.#.#.#.#.#.#%#.#...#.#....####
#..#.#.#.#.#.#.#.#...#.#.#.#.....
#.#.#.#.#.#.#.#.#...#.#.####.##
.#.#.#.#.#.#@#.#.#.#.#.# #...
#.#. #)#S#.#...#.#.## #### #.
#.#K#.#.#.#.#.#.#
#.#)#.#.#...#.#.##
#(#.#.#.#.#.#.#.#.#
#.#.#.#...#...#.#.##
#.#.#.#.....#.#.#.#.#
.#.#.#.#...#...#.#.## #.# .#.#
.#.#. #.


You could see an adder and a kobold.

Vanquished Creatures
  An orc priest (D:3)
  A worker ant (D:2)
  4 adders
  An ooze (D:3)
  4 dart slugs
  3 leopard geckos
  4 orcs (D:3)
  A giant cockroach (D:1)
  8 goblins
  6 hobgoblins
  6 quokkas
  6 bats
  2 frilled lizards (D:1)
  3 kobolds
  7 rats
57 creatures vanquished.

Notes
Turn   | Place    | Note
-------+----------+-------------------------------------------
     0 | D:1      | JeffiDaFish the Gargoyle Fighter began the quest for the Orb.
     0 | D:1      | Reached XP level 1. HP: 14/14 MP: 1/1
    87 | D:1      | Reached XP level 2. HP: 19/19 MP: 2/2
   516 | D:1      | Reached XP level 3. HP: 23/23 MP: 3/3
   617 | D:1      | Gained mutation: You have a pair of small antennae on your head. [potion of mutation]
   617 | D:1      | Gained mutation: Your flesh is heat resistant. (rF+) [potion of mutation]
  1437 | D:2      | Reached XP level 4. HP: 23/29 MP: 4/4
  2292 | D:3      | Reached XP level 5. HP: 33/33 MP: 5/5
  2344 | D:3      | Found a basalt altar of Yredelemnul.
  2461 | D:3      | HP: 1/33 [adder (3)]
  2465 | D:3      | Slain by an adder

Vault maps used:
D:1:      eino_arrival_cavern_a
D:2:      first_ration
D:3:      kennysheep_ying_yang

Skill      XL: |  1  2  3  4  5 |
---------------+----------------+-----
Shields        | 4 |  4.6
Armour         | 4 |  4.6
Fighting       | 4 |  4.0
Maces & Flails | |  2.8

Action                   |  1- 3 |  4- 6 || total
-------------------------+-------+-------++-------
Melee: Flail             |   144 |   155 ||   299
  Use: Scroll            |     2 |       ||     2
       Potion            |     5 |     3 ||     8
  Eat: Chunk             |     2 |     3 ||     5
Armor: Scale mail        |    17 |       ||    17
       Chain mail        |    62 |   103 ||   165
Dodge: Dodged            |    55 |    53 ||   108
Block: Shield            |    94 |   101 ||   195

Table legend:
 A = Spawn XP
 B = Non-spawn XP
 C = Spawn XP percentage of total XP
 D = Spawn monster count
 E = Non-spawn monster count
 F = Spawn count percentage of total count
 G = Total turns spent on level
                    A         B        C        D         E        F      G
               +---------+---------+-------+---------+---------+-------+---------
         Total |       0 |     233 |   0.0 |       0 |      57 |   0.0 |  2465
               +---------+---------+-------+---------+---------+-------+---------
           D:1 |       0 |      38 |   0.0 |       0 |      19 |   0.0 |   798
           D:2 |       0 |      94 |   0.0 |       0 |      23 |   0.0 |  1102
           D:3 |       0 |     101 |   0.0 |       0 |      15 |   0.0 |   565
               +---------+---------+-------+---------+---------+-------+---------
